 Dungeon Crawl Stone Soup version bcrawl-1.21.3 (webtiles) character file.

Game seed: 5067522535891264819

29 MisterOstroum the Skirmisher (level 3, 11/28 HPs)
             Began as a Demonspawn Transmuter on Mar 25, 2020.
             Quit the game on level 2 of the Dungeon.
             The game lasted 00:01:16 (1488 turns).

MisterOstroum the Skirmisher (DsTm)                 Turns: 1488, Time: 00:01:16

Health: 11/28      AC:  4    Str: 11    XL:     3   Next: 1%
Magic:  6/6        EV: 12    Int: 14    God:
Gold:   127        SH:  0    Dex: 13    Spells: 3/6 levels left

rFire    . . .     SeeInvis .     - Unarmed
rCold    . . .     Gourm    .   (no shield)
rNeg     . . .     Faith    .   b - +0 robe
rPois    .         Spirit   .   (helmet restricted)
rElec    .         Reflect  .   (no cloak)
rCorr    .         Harm     .   (no gloves)
MR       .....                  (boots currently unavailable)
Stlth    +.........             (no amulet)
HPRegen  0.09/turn              (no ring)
MPRegen  0.10/turn              (no ring)

@: appendage (expiring)
A: horns 1, talons 3, molten scales 1
a: End Transformation


You were on level 2 of the Dungeon.
You were very hungry.
You had grown temporary talons.
You visited 1 branch of the dungeon, and saw 2 of its levels.

You collected 127 gold pieces.

Inventory:

Missiles
 a - 308 arrows
 f - 297 stones (quivered)
Armour
 b - a +0 robe (worn)
Scrolls
 c - 2 scrolls of teleportation {unknown}
 i - 2 scrolls of remove curse {unknown}
Potions
 d - a potion of lignification {@q6}
 h - a potion of mutation {unknown}
Comestibles
 e - 3 rations {!d}


   Skills:
 + Level 2.9 Fighting
 - Level 1.7 Dodging
 + Level 2.7 Unarmed Combat
 - Level 2.0 Spellcasting
 - Level 1.7 Transmutations


You had 3 spell levels left.
You knew the following spells:

 Your Spells              Type           Power        Failure   Level  Hunger
a - Beastly Appendage     Tmut           #.....       12%         1    ##.....
b - Sticks to Snakes      Tmut           #.......     17%         2    ###....

Your spell library contained the following spells:

 Spells                   Type           Power        Failure   Level  Hunger
 Spider Form              Tmut/Pois      #..          45%         3    ####...
 Ice Form                 Ice/Tmut       #.......     86%         4    #####..
 Blade Hands              Tmut           #.........   97%         5    ######.


Dungeon Overview and Level Annotations

Branches:
Dungeon (2/12)

Altars:


Innate Abilities, Weirdness & Mutations

You have a pair of small horns on your head.
You are partially covered in molten scales. (AC +2)
You have claws for feet.


Message History

Moving in this stuff is going to be slow.
You enter the shallow water.
Moving in this stuff is going to be slow.
Partly explored, can't reach some places.
No target in view!
Search for what [? for help]?
Okay, then.
Why would you want to do that?
Unknown command.
Partly explored, can't reach some places.
(D) Dungeon
Where to? (? - help)
You enter the shallow water.
Moving in this stuff is going to be slow.
You enter the shallow water.
Moving in this stuff is going to be slow.
You enter the shallow water.
Moving in this stuff is going to be slow.
There is a stone staircase leading down here.
You climb downwards.
Found 188 arrows and 16 gold pieces.
There is a stone staircase leading up here.
a - 308 arrows (gained 188)
You now have 127 gold pieces (gained 16).
A worm comes into view.
A worm is nearby!
Memorise Sticks to Snakes, consuming 2 spell levels and leaving 2?
You start memorising the spell.
You continue memorising. x2
You finish memorising.
Spell assigned to 'b'.
Unknown command.
Casting: Beastly Appendage (safe; 12% risk of failure)
Confirm with . or Enter, or press ? or * to list all spells.
Okay, then.
Unknown command.
Casting: Beastly Appendage (safe; 12% risk of failure)
Confirm with . or Enter, or press ? or * to list all spells.
Your feet morph into talons.
You barely miss the worm. You hit the worm.
You claw the worm, but do no damage.
The worm is moderately wounded.
The worm barely misses you.
You hit the worm. You punch the worm.
The worm is heavily wounded.
You hit the worm. Your kick misses the worm.
The worm is severely wounded.
Your transformation is almost over.
The worm bites you!
You hit the worm.
The worm is severely wounded.
The worm closely misses you.
You hit the worm.
You kill the worm!
Magic restored.
Your talons disappear.
A frilled lizard comes into view.
A frilled lizard is nearby!
A frilled lizard is nearby!
Unknown command.
An orc and a dart slug come into view.
The orc shouts!
The frilled lizard bites you.
You are too injured to fight recklessly!
You are too injured to fight recklessly!
You are too injured to fight recklessly!
The dart slug launches a dart at you. The slug dart misses you.
Unknown command.
Unknown command.
Casting: Beastly Appendage (safe; 12% risk of failure)
Confirm with . or Enter, or press ? or * to list all spells.
Your feet morph into talons.
The frilled lizard completely misses you.
You miss the frilled lizard. You claw the frilled lizard.
You kill the frilled lizard!
You start resting.
The orc is too close now for your liking.
The orc hits you but does no damage.
You hit the orc.
The orc is severely wounded.
Your transformation is almost over.
The orc hits you with a +0 whip.
You closely miss the orc. You claw the orc.
You kill the orc!
You start resting.
The dart slug is too close now for your liking.
The dart slug bites you but does no damage.
You are feeling very hungry.
You hit the dart slug.
The dart slug is moderately wounded.
The dart slug bites you.
You hit the dart slug.
The dart slug is almost dead.
You hit the dart slug.
You kill the dart slug!
You have reached level 3!
Your experience leads to an increase in your attributes!
Increase (S)trength, (I)ntelligence, or (D)exterity?
You feel stronger.
Your demonic ancestry asserts itself...
A pair of horns grows on your head!
Are you sure you want to abandon this character and quit the game? (Confirm with "yes".)

#........ ###......
##..... #...#######
#..#.......
..###+###..........
#.........##.......
........)......w...
#######@#..........
##.##.#######.
#...........
#.....######
#.....# #.....#
#.....# #.....#
#....<#


There were no monsters in sight!

Vanquished Creatures
  A worm (D:2)
  2 dart slugs
  2 leopard geckos (D:1)
  An orc (D:2)
  3 bats (D:1)
  3 hobgoblins (D:1)
  A jackal (D:1)
  A frilled lizard (D:2)
  2 kobolds (D:1)
  5 rats (D:1)
21 creatures vanquished.

Notes
Turn   | Place    | Note
-------+----------+-------------------------------------------
     0 | D:1      | MisterOstroum the Demonspawn Transmuter began the quest for
                  | the Orb.
     0 | D:1      | Reached XP level 1. HP: 15/15 MP: 3/3
   366 | D:1      | Gained mutation: You are partially covered in molten
                  | scales. (AC +2) [demonic ancestry]
   366 | D:1      | Reached XP level 2. HP: 14/22 MP: 3/5
  1445 | D:2      | Learned a level 2 spell: Sticks to Snakes
  1487 | D:2      | Gained mutation: You have a pair of small horns on your
                  | head. [demonic ancestry]
  1487 | D:2      | Reached XP level 3. HP: 11/28 MP: 6/6
  1488 | D:2      | Quit the game

Skill      XL: |  1 |
---------------+----+-----
Fighting       | 2 |  2.9
Dodging        | |  1.7
Unarmed Combat | |  2.7
Spellcasting   | |  2.0
Transmutations | |  1.7

Action                   || total
-------------------------++-------
Melee: Unarmed           ||    77
       Kick              ||     9
       Headbutt          ||     1
       Punch             ||     1
 Cast: Beastly Appendage ||     9
  Eat: Chunk             ||     1
Armor: Robe              ||    16
Dodge: Dodged            ||    53
